Map: Kairos Junction LE

Players

Mesrob - Winner!

  • Race: Terran Terran
  • League: Gold
  • Spawn Location: 5:00

krousners

  • Race: Terran Terran
  • League: Gold
  • Spawn Location: 11:00

VOD

Have the link to the VOD?

Description

Time

  • Played on: Jan. 15, 2019, 4:05 p.m.
  • Length: 28:40
Show
View Real Time Build Order
Export as new Build Order

Mesrob Terran - Winner!

Build Orders: Mech 

Get SALT Encoding   

  12  0:01  SCV  
  13  0:13  SCV  
  14  0:22  Supply Depot  
  14  0:25  SCV  
  15  0:44  Barracks, SCV  
  16  0:50  Refinery  
  16  0:56  SCV  
  17  1:08  SCV  
  18  1:20  SCV  
  19  1:38  Marine  
  20  1:42  Command Center  
  20  1:44  Orbital Command  
  20  2:12  Refinery  
  20  2:19  Factory  
  19  2:27  Engineering Bay  
  19  2:34  Barracks Tech Lab  
  19  2:36  Bunker  
  19  2:38  SCV  
  20  2:50  SCV  
  21  3:13  Armory  
  21  3:20  Siege Tank  
  21  3:21  Refinery  
  24  3:29  Missile Turret  
  24  3:33  SCV  
  25  3:37  Marine  
  26  3:45  SCV  
  27  3:53  Siege Tank  
  30  3:57  SCV  
  30  3:58  Missile Turret  
  31  4:09  SCV  
  32  4:10  SCV  
  33  4:19  Supply Depot  
  33  4:21  SCV  
  33  4:22  SCV  
  35  4:25  Missile Turret  
  35  4:28  Terran Vehicle Weapons Level 1  
  35  4:34  SCV  
  36  4:41  Siege Tank  
  36  4:43  Orbital Command  
  39  4:49  Supply Depot  
  39  4:52  SCV  
  40  4:59  Supply Depot  
  40  5:12  Missile Turret  
  40  5:18  Missile Turret  
  40  5:21  Missile Turret  
  37  5:29  Missile Turret  
  37  5:31  Missile Turret  
  34  5:52  Factory  
  34  5:55  Missile Turret  
  34  5:59  Missile Turret  
  34  6:07  Missile Turret  
  33  6:16  Marine  
  32  6:26  Terran Vehicle And Ship Armor Level 1  
  32  6:28  SCV  
  33  6:33  Marine  
  33  6:34  SCV  
  33  6:38  Siege Tank  
  38  6:40  SCV  
  38  6:45  Missile Turret  
  38  6:46  SCV  
  40  6:52  SCV  
  41  6:56  Factory  
  41  6:58  SCV  
  41  7:01  Factory  
  42  7:04  SCV  
  42  7:05  Armory  
  43  7:11  Refinery, SCV  
  43  7:15  Factory Reactor  
  44  7:16  Siege Tank  
  44  7:17  SCV  
  48  7:23  SCV  
  48  7:28  Sensor Tower  
  49  7:33  SCV  
  49  7:35  SCV  
  51  7:43  Marine  
  52  7:45  SCV  
  52  7:47  SCV  
  54  7:53  Siege Tank  
  51  7:59  Sensor Tower, SCV  
  51  8:05  Factory Tech Lab  
  52  8:06  Hellbat  
  54  8:23  Factory Reactor  
  54  8:28  Factory  
  54  8:32  Factory  
  54  8:57  Supply Depot  
  54  9:03  Supply Depot  
  54  9:09  Terran Vehicle Weapons Level 2  
  54  9:11  Terran Vehicle And Ship Armor Level 2  
  54  9:19  Hellbat x3  
  54  9:22  Supply Depot  
  54  9:23  SCV  
  61  9:24  Thor  
  61  9:26  Supply Depot  
  67  9:33  Marine  
  67  9:35  SCV  
  67  9:38  Factory Tech Lab  
  69  9:44  Thor  
  69  9:45  Factory Tech Lab, Supply Depot  
  75  9:49  Supply Depot  
  75  10:14  Supply Depot  
  75  11:00  Command Center  
  75  11:04  Thor x2  
  75  11:05  Thor  
  75  11:06  Hellion, Hellbat x2  
  75  11:07  Hellion, Thor  
  107  11:13  Command Center  
  107  11:21  Factory  
  107  11:23  Factory  
  107  11:40  Hellbat  
  113  11:47  Hellbat x2, Thor  
  113  11:53  Supply Depot  
  119  12:03  Supply Depot  
  119  12:14  SCV x2  
  121  12:20  Planetary Fortress  
  121  12:22  Refinery x2  
  121  12:26  SCV x2  
  121  12:27  Supply Depot  
  121  12:29  Missile Turret  
  123  12:33  Planetary Fortress  
  123  12:37  Supply Depot  
  123  12:39  Factory Tech Lab, Factory Reactor  
  123  12:48  Missile Turret  
  123  12:53  Refinery  
  123  12:59  Sensor Tower, SCV x3  
  126  13:11  SCV x2  
  128  13:18  Refinery  
  128  13:24  Thor x2  
  140  13:31  SCV x3  
  140  13:32  SCV  
  144  13:43  Sensor Tower, SCV  
  144  13:47  SCV x2  
  147  13:54  SCV  
  147  13:55  SCV  
  149  13:56  Supply Depot  
  149  13:59  SCV x2  
  151  14:04  Thor  
  151  14:06  SCV  
  158  14:14  Supply Depot  
  158  14:18  SCV x4  
  162  14:27  Supply Depot  
  162  14:28  Hellion  
  162  14:30  Supply Depot, SCV x2  
  164  14:33  SCV x2  
  164  14:36  Hellion, Thor x2  
  180  14:38  Hellbat  
  180  14:39  Hellbat  
  180  14:42  SCV  
  179  15:44  Thor  
  179  15:45  Thor x2  
  197  15:52  Missile Turret  
  197  15:55  Command Center  
  197  15:57  SCV x3  
  108  16:35  Thor x2  
  108  16:36  Thor x3  
  108  16:38  Hellbat x3  
  138  16:40  Hellion, Hellbat  
  138  16:43  Hellbat  
  120  16:50  SCV x2  
  117  17:16  Refinery  
  117  17:18  Thor x4  
  117  17:22  Thor  
  147  17:31  Hellion  
  147  17:32  Command Center  
  147  17:49  Command Center  
  145  18:06  Thor x5  
  145  18:08  Hellbat x2  
  151  18:49  Refinery  
  151  19:03  Thor x2  
  151  19:04  Thor x2  
  151  19:06  Hellbat  
  177  19:15  Refinery  
  141  19:24  Thor  
  141  19:28  Hellbat x2  
  123  19:47  Thor  
  123  19:49  Hellbat x4  
  103  20:33  Command Center  
  95  20:43  Thor  
  95  20:44  Hellbat x2, Thor  
  95  20:45  Hellbat x3  
  95  20:46  Hellbat  
  111  20:57  Hellbat  
  111  20:59  Hellbat x2  
  115  21:06  Hellbat x3  
  115  21:07  Hellbat  
  107  21:26  Thor  
  107  21:28  Hellbat x5  
  103  22:02  Thor x2  
  103  22:04  Hellbat x2, Hellion x2  
  103  22:05  Hellbat x2  
  107  22:32  Hellion  
  101  22:38  Refinery, Hellion  
  97  22:47  Refinery  
  85  23:09  Thor x2  
  85  23:11  Hellbat x7  
  85  23:12  Hellbat x2  
  107  23:32  Thor x2  
  121  23:34  Hellbat x5  
  109  24:06  Thor x2  
  103  24:26  Thor  
  103  24:29  Hellbat x6  
  121  24:39  Factory  
  121  24:40  Factory  
  121  24:51  Hellbat  
  121  24:52  Hellbat x5, Thor  
  139  25:15  Thor  
  139  25:16  Hellbat x2  
  139  25:17  Hellbat x3  
  139  25:18  Hellbat  
  139  25:19  Thor  
  163  25:24  Factory Reactor  
  163  25:26  Factory Reactor  
  163  25:27  Command Center  
  163  25:37  Thor  
  169  25:50  Thor  
  169  25:53  Hellbat x5  
  169  25:54  Hellbat  
  187  26:06  Refinery, Thor  
  187  26:08  Refinery  
  149  26:52  Thor x2  
  149  26:54  Hellbat  
  117  27:16  Hellbat x3  
  117  27:17  Hellbat  
  117  27:18  Hellbat  
Show
View Real Time Build Order
Export as new Build Order

krousners Terran 

Build Orders: Banshee Rush 

Get SALT Encoding   

  12  0:06  SCV  
  13  0:18  Supply Depot, SCV  
  14  0:29  Refinery  
  14  0:35  SCV  
  15  0:46  Barracks  
  15  0:50  SCV  
  16  1:00  Refinery  
  16  1:13  Refinery, SCV  
  17  1:25  SCV  
  18  1:29  Supply Depot  
  18  1:37  Reaper  
  19  1:45  SCV  
  19  1:54  Factory  
  19  1:57  SCV  
  20  2:18  Supply Depot  
  20  2:24  Orbital Command  
  20  2:33  Barracks Tech Lab  
  20  2:39  Starport  
  20  2:42  Factory Tech Lab  
  20  3:02  Marauder  
  21  3:09  Supply Depot  
  21  3:26  Factory Tech Lab  
  21  3:30  Banshee  
  21  3:31  Cloaking Field  
  21  3:33  SCV  
  25  3:39  Reaper  
  26  3:45  SCV  
  26  3:46  Siege Tank  
  30  3:57  SCV  
  30  4:02  Supply Depot  
  31  4:10  Barracks, SCV  
  32  4:22  SCV  
  33  4:26  Viking  
  33  4:29  Stimpack  
  33  4:31  Supply Depot  
  35  4:34  Marine, SCV  
  36  4:52  Marine  
  37  4:58  Siege Tank  
  40  5:10  Command Center, SCV  
  41  5:16  Barracks Reactor  
  41  5:17  Marine  
  42  5:30  Siege Tank  
  45  5:35  Medivac  
  47  5:50  SCV  
  47  5:51  Engineering Bay  
  47  5:54  Marine x2  
  50  6:05  Medivac  
  49  6:23  Command Center  
  49  6:33  Marine x2  
  49  6:34  Combat Shield  
  51  6:40  Missile Turret  
  51  6:49  Orbital Command  
  51  6:52  Marine  
  52  7:01  Siege Tank  
  52  7:03  Marine x2  
  57  7:18  SCV  
  57  7:20  SCV  
  59  7:30  SCV  
  59  7:33  Missile Turret, SCV  
  59  7:34  Missile Turret  
  61  7:42  SCV  
  62  7:45  SCV  
  58  7:54  Missile Turret, SCV  
  59  8:00  Terran Infantry Weapons Level 1  
  59  8:01  SCV  
  60  8:07  SCV  
  60  8:08  Starport  
  60  8:11  Armory  
  61  8:13  Missile Turret, SCV  
  61  8:14  Starport  
  62  8:24  Marine  
  62  8:25  Orbital Command, SCV  
  64  8:35  Siege Tank, Barracks  
  64  8:37  Marine  
  68  8:42  SCV  
  68  8:43  Refinery  
  69  8:57  Refinery  
  69  8:58  Marine x3  
  72  9:05  Starport Tech Lab  
  72  9:09  Starport Tech Lab  
  72  9:10  Supply Depot  
  72  9:16  Marine x3  
  75  9:19  SCV  
  76  9:25  Supply Depot  
  76  9:28  Engineering Bay, Terran Vehicle Weapons Level 1  
  76  9:30  Viking  
  79  9:31  SCV  
  79  9:32  SCV  
  79  9:34  Marine  
  81  9:43  SCV  
  82  9:54  Bunker  
  82  9:55  SCV  
  82  9:59  Mag-Field Accelerator  
  81  10:07  SCV  
  82  10:18  Command Center  
  82  10:19  Siege Tank, SCV  
  82  10:20  Fusion Core  
  82  10:31  SCV  
  83  10:40  Weapon Refit  
  83  10:44  SCV  
  83  10:48  Command Center  
  84  10:51  Siege Tank  
  84  10:53  Terran Infantry Weapons Level 2  
  87  11:01  Supply Depot  
  87  11:13  Barracks Tech Lab  
  87  11:15  Marauder  
  87  11:18  Marine x2  
  91  11:23  Missile Turret x2  
  91  11:27  Missile Turret  
  91  11:33  Orbital Command  
  91  11:37  Marauder  
  93  11:47  Missile Turret  
  93  11:48  SCV  
  94  11:56  Marauder  
  94  11:58  Marauder  
  94  12:00  Terran Infantry Armor Level 1, SCV  
  99  12:17  Marauder  
  99  12:18  Battlecruiser  
  99  12:19  Marauder  
  99  12:21  Sensor Tower  
  109  12:28  Orbital Command  
  109  12:30  Refinery  
  109  12:33  Terran Vehicle Weapons Level 2  
  109  12:39  Marauder  
  109  12:40  Armory  
  111  12:46  Supply Depot  
  111  12:49  SCV  
  112  12:55  SCV  
  113  13:08  SCV  
  113  13:09  Battlecruiser  
  113  13:10  Battlecruiser  
  126  13:17  Sensor Tower  
  126  13:20  SCV  
  127  13:27  Refinery  
  127  13:30  Missile Turret  
  127  13:32  SCV  
  128  13:40  Refinery, Battlecruiser  
  134  13:44  SCV  
  135  13:48  Starport  
  135  13:51  Starport  
  135  13:55  Orbital Command  
  135  13:56  SCV  
  136  14:03  Orbital Command  
  136  14:07  Starport  
  136  14:08  SCV  
  137  14:15  Terran Infantry Armor Level 2  
  137  14:19  Battlecruiser  
  137  14:20  SCV  
  144  14:28  SCV  
  145  14:32  Command Center  
  145  14:38  SCV  
  145  14:40  Supply Depot, SCV  
  147  14:50  Starport Tech Lab  
  147  14:51  Terran Vehicle And Ship Armor Level 1  
  147  14:53  Supply Depot  
  147  15:01  Starport Tech Lab  
  147  15:02  Corvid Reactor, Marine x4, Siege Tank, SCV  
  147  15:03  Starport Tech Lab  
  155  15:15  SCV  
  155  15:20  Marine  
  148  15:32  Marine x3  
  151  15:37  Marine  
  150  15:49  Planetary Fortress, Marine  
  150  15:50  Marine x2  
  153  16:06  Refinery  
  132  16:21  Battlecruiser x2  
  132  16:22  Battlecruiser  
  137  16:32  Marine  
  131  16:50  Marine, Missile Turret  
  131  16:52  Missile Turret, SCV, Barracks  
  133  17:04  SCV  
  134  17:08  Marine  
  134  17:16  SCV  
  127  17:28  SCV  
  128  17:40  Orbital Command, SCV  
  128  17:42  Command Center  
  129  17:45  Refinery  
  129  17:47  Refinery  
  129  17:48  Battlecruiser x2  
  129  17:50  Sensor Tower  
  141  17:52  SCV  
  123  18:20  Siege Tank  
  123  18:23  Marine x3  
  123  18:24  Marauder  
  131  18:28  Barracks Tech Lab  
  125  18:41  Marine x2  
  110  18:42  Marauder  
  110  18:45  Marauder  
  115  18:54  Siege Tank  
  118  18:59  Marine x2  
  120  19:03  Marine  
  120  19:06  Marine  
  120  19:16  Marine  
  120  19:17  Marine  
  107  19:21  Marauder  
  106  19:24  Marauder  
  106  19:27  Siege Tank  
  111  19:34  Marine x2  
  104  19:42  Marauder  
  104  19:44  SCV  
  101  19:45  Planetary Fortress  
  101  19:46  Marauder  
  101  19:52  Marine  
  86  19:56  SCV  
  86  19:58  Marine  
  86  19:59  Siege Tank  
  84  20:01  Battlecruiser x2  
  84  20:04  Marauder  
  98  20:07  Marauder  
  98  20:10  Marine, Refinery  
  101  20:15  Factory  
  101  20:25  Marauder  
  101  20:27  Marine  
  101  20:28  Marine  
  103  20:29  Marauder  
  103  20:31  Siege Tank  
  103  20:34  Orbital Command  
  93  20:45  Marine  
  93  20:46  Marine, Marauder  
  89  20:50  Marauder  
  84  21:03  Marine x2, Siege Tank  
  83  21:08  Marauder  
  83  21:11  Marauder  
  77  21:21  Marine x2  
  77  21:23  Refinery, SCV  
  72  21:29  Marine, Factory Tech Lab  
  72  21:32  Marine  
  72  21:35  Siege Tank, SCV  
  72  21:39  Marine x2  
  78  21:46  Marine  
  75  21:48  SCV  
  75  21:50  Marine  
  75  21:51  Siege Tank  
  79  21:57  Marine x2  
  79  22:00  SCV  
  82  22:04  Marine  
  82  22:07  Siege Tank  
  82  22:08  Marine  
  82  22:14  Marine  
  82  22:15  Marine  
  81  22:18  Banshee  
  81  22:23  Marauder  
  81  22:24  Siege Tank  
  81  22:25  SCV  
  81  22:26  Marauder  
  81  22:28  Command Center  
  85  22:32  Marine x2  
  79  22:39  Siege Tank  
  77  22:44  Marauder  
  77  22:47  Marauder  
  77  22:50  Marine x2  
  77  22:51  Supply Depot  
  79  22:54  SCV  
  79  22:58  SCV  
  81  23:05  Marine  
  82  23:08  Marine x3, Terran Infantry Weapons Level 3  
  82  23:12  Banshee  
  88  23:23  Marine  
  88  23:26  Marine  
  89  23:27  Marauder  
  89  23:28  SCV  
  89  23:32  Medivac x2  
  95  23:41  Marauder  
  95  23:48  Marauder  
  93  24:02  Marauder  
  93  24:09  Marauder  
  91  24:12  SCV  
  92  24:24  SCV  
  93  24:35  Orbital Command  
  93  24:36  SCV  
  94  24:39  Missile Turret  
  94  24:41  Missile Turret  
  94  24:42  SCV  
  95  24:49  SCV  
  96  24:54  SCV  
  96  24:57  Barracks  
  97  25:01  SCV  
  98  25:07  Terran Infantry Armor Level 3  
  98  25:13  SCV  
  98  25:14  SCV  
  100  25:22  Siege Tank  
  100  25:23  Siege Tank  
  100  25:25  SCV  
  100  25:26  SCV  
  108  25:30  Planetary Fortress  
  108  25:35  Marauder  
  110  25:52  Sensor Tower  
  110  25:54  Siege Tank  
  110  25:56  Marauder x2  
  117  26:00  Siege Tank  
  120  26:17  Marauder  
  120  26:18  Marauder  
  120  26:28  Siege Tank  
  89  26:55  Banshee x2  
  89  27:00  Siege Tank  
  79  27:08  Banshee x2  
  79  27:15  Barracks  
  79  27:17  Barracks  
  79  27:20  Barracks  
  79  27:21  Barracks  
  68  27:46  Banshee x2  
  68  27:51  Refinery  
  72  27:52  Refinery  
  48  28:22  Barracks  
  48  28:23  Barracks  
  48  28:25  Barracks  
Tags
 
Composition
Mech
League
GoldGold
Matchup
TvT
Race
Terran
Replay Pack
sc2 replays
Spawn Locations
Cross Positions
Strategy
Banshee Rush
Add a new tag
Caveats
  • Supply blocks, unpowered buildings, or Contaminate may cause inaccurate times.
  • Supply counts are checked every 10 seconds.